 Dungeon Crawl Stone Soup version 0.27.1-2-g3b301248ec (webtiles) character file.

Game seed: 3849101362437511211

4365 barney the Transmogrifier (level 10, -2/78 HPs)
             Began as a Green Draconian Transmuter on Oct 2, 2021.
             Was a Follower of Vehumet.
             Slain by an unseen horror (9 damage)
             ... on level 9 of the Dungeon.
             The game lasted 00:22:31 (16662 turns).

barney the Transmogrifier (DrTm)                   Turns: 16662, Time: 00:22:31

Health: -2/78      AC:  2    Str: 13    XL:     10   Next: 13%
Magic:  15/17      EV: 19    Int: 16    God:    Vehumet [*.....]
Gold:   408        SH:  0    Dex: 17    Spells: 6/19 levels left

rFire    . . .     SeeInvis .     - Unarmed
rCold    . . .     Faith    .   (shield currently unavailable)
rNeg     . . .     Spirit   .   (armour unavailable)
rPois    x         Reflect  .   (helmet currently unavailable)
rElec    .         Harm     .   (cloak currently unavailable)
rCorr    +         Rampage  .   (gloves currently unavailable)
Will     +....                  (boots currently unavailable)
Stlth    ++........             (no amulet)
HPRegen  0.23/turn              l - ring of willpower
MPRegen  0.15/turn              j - ring of resist corrosion

@: spider-form
A: venomous fangs, (breathe noxious fumes), AC +7, tiny, unfitting armour,
(poison resistance), (cold-blooded)
a: End Transformation, Renounce Religion


You were on level 9 of the Dungeon.
You worshipped Vehumet.
Vehumet was aware of your devotion.
You were a venomous arachnid creature.
You visited 2 branches of the dungeon, and saw 10 of its levels.

You collected 408 gold pieces.

Inventory:

Hand Weapons
 g - a +5 long sword of freezing
 k - a +2 short sword of draining
 o - the +8 mace of the Bruised Spirits (melded) {drain, rC- Str+6 Int+4}
   (You found it on level 4 of the Dungeon)

   A truly terrible weapon, it drains the life of any living foe it strikes.
   Str:       It affects your strength (+6).
   Int:       It affects your intelligence (+4).
   rC:        It makes you vulnerable to cold.
Missiles
 b - a throwing net
Armour
 d - a +1 pair of gloves (melded)
Magical Staves
 c - a staff of poison
Jewellery
 j - a ring of resist corrosion (right front leg)
 l - a ring of willpower (left front leg)
Wands
 h - a wand of charming (4)
 i - a wand of flame (7)
 m - a wand of acid (11)
Scrolls
 a - 5 scrolls of identify
 e - a scroll of silence
 q - a scroll of magic mapping
 s - a scroll of amnesia


   Skills:
 + Level 4.0 Fighting
 + Level 2.0 Dodging
 * Level 6.0 Unarmed Combat
 - Level 5.0 Spellcasting
 - Level 8.6 Transmutations
 - Level 6.0 Fire Magic
 - Level 3.0 Ice Magic
 - Level 6.1 Poison Magic
 + Level 1.3 Evocations


You had 6 spell levels left.
You knew the following spells:

 Your Spells              Type           Power      Damage    Failure   Level
a - Beastly Appendage     Tmut           62%        N/A       3%          1
b - Spider Form           Tmut/Pois      13%        N/A       9%          3
c - Wereblood             Tmut           31%        N/A       4%          2
d - Ignite Poison         Fire/Tmut/Pois 26%        N/A       10%         3
e - Ice Form              Ice/Tmut       22%        N/A       32%         4

Your spell library contained the following spells:

 Spells                   Type           Power      Damage    Failure   Level
 Sandblast                Erth           8%         2d5       34%         1
 Conjure Flame            Conj/Fire      13%        6-21      30%         3
 Summon Guardian Golem    Hex/Summ       4%         N/A       63%         3
 Sticky Flame             Conj/Fire      13%        2d4       63%         4
 Orb of Destruction       Conj           2%         9d1       100%        7
 Spellforged Servitor     Conj/Summ      2%         N/A       100%        7


Dungeon Overview and Level Annotations

Branches:
Dungeon (9/15)             Temple (1/1) D:7
   Lair: D:8-11         Orc: D:9-12

Altars:
Ashenzari
Cheibriados
Dithmenos
Fedhas
Gozag
Hepliaklqana
Kikubaaqudgha
Nemelex Xobeh
Okawaru
Qazlal
Ru
Sif Muna
Trog
Vehumet
Wu Jian
Xom
Yredelemnul
Zin
The Shining One


Innate Abilities, Weirdness & Mutations

You are a venomous arachnid creature.
You have poisonous fangs.
You are tiny and dextrous.
Your spellcasting is less reliable in this form.
Your armour is entirely melded.
You are incapable of wielding weapons or throwing items.
((You can breathe blasts of noxious fumes.))
((Your lurid green scales are hard. (AC +7)))
You cannot fit into any form of body armour.
((Your system is resistant to poisons. (rPois)))
((You are cold-blooded and may be slowed by cold attacks.))


Message History

Something misses you. Something hits you! Something hits you.
You hit something. Something barely misses you. Something hits you.
You have got your breath back.
Something hits you. Something hits you. Something barely misses you.
Something closely misses you. Something hits you! Something hits you.
Something hits you!
* * * LOW HITPOINT WARNING * * *
You aren't carrying any potions.
Unknown command.
Something closely misses you.
Items here: )) [[.
Something hits you.
* * * LOW HITPOINT WARNING * * *
There is a stone staircase leading up, spattered with blood here.
Okay, then.
You aren't carrying any potions.
Unknown command.
Casting: Spider Form (dangerous; 9% risk of failure)
Confirm with . or Enter, or press ? or * to list all spells.
Okay, then.
Okay, then.
You aren't carrying any potions.
Unknown command.
Something hits you but does no damage.
Items here: )))) [[.
You see here a +0 club.
Something closely misses you. Something barely misses you. Something hits you!
* * * LOW HITPOINT WARNING * * *
Something hits you.
* * * LOW HITPOINT WARNING * * *
You bite something! Something hits you!
You die...

#..8..#......# .###
#..#......#..###....
#.##................
#.####.......#......
#............#....<.
###........#.#......
#................:
#....###.#.#......
#....###s#.#......
#.......{#.# .....
##+#...).#.# .....
##...)#)# ....
+...))<# ....
#....### #....#
#....# #....#


There were no monsters in sight!

Vanquished Creatures
  A yak (D:5)
  A wyvern (D:5)
  2 water moccasins (D:6)
  2 ice beasts
  5 orc warriors
  2 sky beasts
  A necrophage (D:5)
  4 ogres (D:5)
  3 centaurs
  3 scorpions
  3 bullfrogs
  5 killer bees (D:8)
  12 wights (D:7)
  A howler monkey (D:5)
  3 crimson imps (D:8)
  A centaur zombie (D:9)
  4 jellies
  4 hounds
  2 orc priests
  4 centaur skeletons
  6 iguanas
  7 orc wizards
  A killer bee zombie (D:6)
  6 gnolls
  2 howler monkey skeletons
  9 adders
  A white imp (D:6)
  An ufetubus (D:5)
  3 worms
  5 dart slugs
  32 orcs
  9 ball pythons
  9 bats
  3 endoplasms
  6 giant cockroaches
  3 goblins
  6 hobgoblins
  10 jackals
  6 quokkas
  5 frilled lizards
  6 kobolds
  8 rats
207 creatures vanquished.

Vanquished Creatures (collateral kills)
  A steam dragon (D:8)
1 creature vanquished.

Vanquished Creatures (others)
  A kobold (D:1)
1 creature vanquished.

Grand Total: 209 creatures vanquished

Notes
Turn   | Place    | Note
-------+----------+-------------------------------------------
     0 | D:1      | barney the Draconian Transmuter began the quest for the
                  | Orb.
     0 | D:1      | Reached XP level 1. HP: 16/16 MP: 3/3
   224 | D:1      | Reached XP level 2. HP: 17/23 MP: 3/5
   351 | D:1      | Reached skill level 3 in Transmutations
   806 | D:1      | Found a faded altar of an unknown god.
  1096 | D:1      | Reached XP level 3. HP: 28/28 MP: 4/6
  1100 | D:1      | Learned a level 3 spell: Spider Form
  1103 | D:1      | Learned a level 2 spell: Wereblood
  1667 | D:2      | Reached skill level 4 in Transmutations
  2149 | D:2      | Reached XP level 4. HP: 30/35 MP: 5/7
  2894 | D:3      | Reached skill level 5 in Transmutations
  3573 | D:3      | Found an iron altar of Okawaru.
  3590 | D:3      | Reached XP level 5. HP: 38/40 MP: 5/8
  3996 | D:3      | Found a hazy altar of Hepliaklqana.
  4299 | D:4      | Reached skill level 1 in Poison Magic
  4953 | D:4      | Reached XP level 6. HP: 20/47 MP: 5/9
  4983 | D:4      | Learned a level 3 spell: Ignite Poison
  5796 | D:4      | Found an ornate altar of the Wu Jian Council.
  6109 | D:4      | Reached skill level 6 in Transmutations
  6264 | D:4      | Identified the +8 mace of the Bruised Spirits {drain, rC-
                  | Str+6 Int+4}
  6293 | D:4      | Noticed an ice beast
  6309 | D:4      | Killed an ice beast
  6310 | D:4      | Reached skill level 1 in Fire Magic
  6522 | D:4      | Noticed an orc warrior
  6534 | D:4      | Killed an orc warrior
  6535 | D:4      | Your scales start taking on a lurid green colour.
  6535 | D:4      | Reached XP level 7. HP: 43/52 MP: 0/11
  6535 | D:4      | Gained mutation: Your system is resistant to poisons.
                  | (rPois) [Green Draconian growth]
  7034 | D:5      | Entered Level 5 of the Dungeon
  7785 | D:5      | Reached XP level 8. HP: 59/59 MP: 13/13
  8290 | D:5      | Reached skill level 7 in Transmutations
  8469 | D:5      | Reached skill level 5 in Poison Magic
  9208 | D:6      | Found a sparkling altar of Nemelex Xobeh.
  9796 | D:6      | Reached skill level 5 in Spellcasting
 10190 | D:6      | Reached XP level 9. HP: 53/64 MP: 13/16
 10530 | D:6      | Learned a level 4 spell: Ice Form
 10913 | D:6      | Reached skill level 8 in Transmutations
 10913 | D:6      | Reached skill level 5 in Fire Magic
 10968 | D:6      | Found a blossoming altar of Fedhas.
 11081 | D:6      | Reached skill level 1 in Ice Magic
 12071 | D:7      | Found a staircase to the Ecumenical Temple.
 12100 | Temple   | Entered the Ecumenical Temple
 12174 | Temple   | Became a worshipper of Vehumet
 12296 | D:7      | Found a shadowy altar of Dithmenos.
 13364 | D:8      | Reached skill level 5 in Unarmed Combat
 13960 | D:8      | Found a shimmering altar of Xom.
 14725 | D:8      | HP: 5/106 [poisoned by a killer bee]
 15157 | D:8      | Reached XP level 10. HP: 78/78 MP: 13/17
 15923 | D:8      | Reached skill level 1 in Evocations
 16029 | D:9      | Reached * piety under Vehumet
 16029 | D:9      | Offered knowledge of Sandblast by Vehumet.
 16407 | D:9      | Found a snail-covered altar of Cheibriados.
 16662 | D:9      | Slain by an unseen horror

Illustrated notes

Levels and vault maps discovered:
D:1:      amcnicky_arrival_gap_in_the_tavern_cellar, layout_basic,
          ebering_ecumenical_altar_webs, interstate_on_off, dk_noncrumbling_3
D:2:      layout_rooms
D:3:      layout_basic, overflow_temple_1_default, nzn_hepliaklqana_mist_gate,
          corexii_hall_statues_deadend, minmay_misc_feat_x, fountainhead
D:4:      layout_basic, pdpol_wu_jian_five_deadly_venoms
D:5:      cheibrodos_barr_body, layout_basic, serial_bayou_crossing
D:6:      layout_rooms, nemelex_xobeh_ov_fountains_minmay,
          mainiacjoe_overflow_tiny_flanked, wad_floor_pattern_1
D:7:      layout_basic, nicolae_dithmenos_through_a_glass_darkly,
          minmay_temple_entry_stoned_glass
D:8:      layout_cave_pods, led_xom_imps
D:9:      layout_basic, slow_altar_2, item_on_display_a
Temple:   jpeg_temple_clearing

Skill      XL: |  1  2  3  4  5  6  7  8  9 10 |
---------------+-------------------------------+-----
Transmutations | 3 4 5 6 7 8 |  8.6
Poison Magic   | 2 3 4 6 |  6.1
Fire Magic     | 1 3 4 5 6 |  6.0
Spellcasting   | 3 5 |  5.0
Fighting       | 3 4 |  4.0
Ice Magic      | 3 |  3.0
Unarmed Combat | 5 6 |  6.0
Evocations     | 1 |  1.3
Dodging        | 2 |  2.0

Action                   |  1- 3 |  4- 6 |  7- 9 | 10-12 || total
-------------------------+-------+-------+-------+-------++-------
Melee: Unarmed           |   126 |   122 |   144 |    18 ||   410
       Kick              |    19 |     7 |     7 |     2 ||    35
       Headbutt          |     9 |     6 |     3 |     2 ||    20
       Tailslap          |     9 |     6 |     6 |     1 ||    22
       Punch             |     1 |     1 |       |       ||     2
       Short sword       |       |    33 |     1 |       ||    34
       Mace              |       |       |    59 |    16 ||    75
 Cast: Beastly Appendage |    25 |    13 |    12 |     2 ||    52
       Spider Form       |       |    24 |    21 |     2 ||    47
       Wereblood         |       |     2 |     3 |     1 ||     6
       Ignite Poison     |       |     1 |    24 |     7 ||    32
       Ice Form          |       |       |     3 |       ||     3
 Abil: Breathe Noxious F |       |       |    22 |     6 ||    28
       End Transformatio |       |       |     2 |       ||     2
  Use: Potion            |     1 |     1 |     8 |       ||    10
       Scroll            |       |     2 |    10 |       ||    12
 Stab: Sleeping          |     2 |       |       |       ||     2
       Confused          |       |       |     4 |       ||     4
Armor: Skin              |    68 |    30 |    45 |    15 ||   158
Dodge: Dodged            |    90 |   109 |   185 |    28 ||   412
